 Dungeon Crawl Stone Soup version 0.28-a0-503-g83f2989fac (webtiles) character file.

Game seed: 16514540114570329721

78 siradein the Shield-Bearer (level 4, -1/29 HPs)
             Began as a Gargoyle Fighter on Sept 20, 2021.
             Shot with an arrow by a centaur (3 damage)
             ... on level 5 of the Dungeon.
             The game lasted 00:03:23 (2643 turns).

siradein the Shield-Bearer (Gargoyle Fighter)       Turns: 2643, Time: 00:03:23

Health: -1/29      AC: 11    Str: 19    XL:     4   Next: 36%
Magic:  4/4        EV:  9    Int:  9    God:
Gold:   137        SH:  4    Dex: 10    Spells: 3/3 levels left

rFire   . . .      SeeInvis .   a - +0 long sword
rCold   . . .      Faith    .   c - +0 buckler
rNeg    + . .      Spirit   .   b - +0 scale mail
rPois   ∞          Reflect  .   (no helmet)
rElec   +          Harm     .   (no cloak)
rCorr   .          Rampage  .   m - +0 pair of gloves
Will    .....                   (no boots)
Stlth   ..........              (no amulet)
HPRegen 0.09/turn               (no ring)
MPRegen 0.09/turn               (no ring)

@: no status effects
A: sickness immunity, AC +3, negative energy resistance 1, electricity
resistance, torment resistance 1, petrification resistance
a: no special abilities


You were on level 5 of the Dungeon.
You visited 1 branch of the dungeon, and saw 4 of its levels.

You collected 137 gold pieces.

Inventory:

Hand Weapons
 a - a +0 long sword (weapon)
Missiles
 g - 27 poisoned darts (quivered)
Armour
 b - a +0 scale mail (worn)
 c - a +0 buckler (worn)
 m - a +0 pair of gloves (worn)
Scrolls
 h - 2 scrolls of identify {unknown}
 i - 4 scrolls of enchant armour {unknown}
 j - 3 scrolls of teleportation {unknown}
 k - a scroll of fog {unknown}
 l - a scroll of blinking {unknown}
 n - a scroll of acquirement {unknown}
 o - a scroll of amnesia {unknown}
Potions
 d - a potion of might
 e - 2 potions of lignification {unknown}
 f - a potion of mutation {unknown}


   Skills:
 + Level 3.9 Fighting
 + Level 2.5 Long Blades
 + Level 4.0 Armour
 + Level 4.0 Shields


You had 3 spell levels left.
You didn't know any spells.
Your spell library contained the following spells:

 Spells                   Type           Power      Damage    Failure   Level
 Gell's Gravitas          Tloc           0%         N/A       98%         3
 Teleport Other           Tloc           0%         N/A       98%         3
 Dispersal                Tloc           0%         N/A       100%        6


Dungeon Overview and Level Annotations

Branches:
Dungeon (3/15)

Altars:
Hepliaklqana


Innate Abilities, Weirdness & Mutations

You are immune to sickness and miasma.
Your stone body is resilient. (AC +3)
You are immune to poison.
You resist negative energy. (rN+)
You are resistant to electric shocks. (rElec)
You are resistant to unholy torment.
You are immune to petrification.


Message History

Found a leather armour.
n - a scroll labelled AGOUSAE FYIHE
There is a stone staircase leading down here.
You see here a ball python skeleton.
Found a stone staircase leading down.
Found a stone staircase leading up.
o - a scroll labelled XIT PIESTUSM You open the door.
There is an open door here.
Found a hand axe.
You fall into a shaft and drop 2 floors!
The shaft crumbles and collapses.
A skeleton and a howler monkey come into view.
Found a ring mail.
An orc comes into view. It is wielding a +0 dagger.
Found a stone staircase leading down.
An orc, an ogre and a zombie come into view.
The orc shouts!
You hear an angry growl.
You hear a shout!
A black bear comes into view.
The water moccasin zombie moves out of view.
The orc moves out of view.
An orc comes into view.
It is wielding a +1 war axe of draining.
The orc shouts!
A quokka comes into view.
Found 13 gold pieces.
Found a stone staircase leading up.
Found a metallic white potion.
A centaur comes into view.
Found a robe.
The centaur shouts!
The water moccasin zombie bites you but does no damage.
The centaur wields a +2 shortbow of freezing.
It is covered in frost.
The centaur shoots an arrow.
The arrow hits you. The arrow freezes you.
The orc hits you with a +1 war axe of draining.
The centaur shoots an arrow.
The arrow hits you! The arrow freezes you.
* * * LOW HITPOINT WARNING * * *
The centaur shoots an arrow.
The arrow hits you.
* * * LOW HITPOINT WARNING * * *
The arrow freezes you.
You die...

#.........#
#.........####
#............#
#.........#>#.#
#......h.o......
####...O..r##.#.#.
#.....hZZ..# .....
#......oo..#
.#.#.#
#....@.....#
.......
#...........#.#
#.##
#...........!.
#.<.....$..###[
#......c...#
#########.## .# #


You could see a black bear, an ogre, a centaur, a howler monkey, 3 orcs, a water
moccasin zombie, a quokka and a bullfrog skeleton.

Vanquished Creatures
  2 dart slugs (D:2)
  11 ball pythons
  4 endoplasms
  A giant cockroach (D:3)
  4 goblins
  4 hobgoblins
  9 jackals
  8 kobolds
  4 quokkas
  5 bats
  3 frilled lizards
  12 rats
67 creatures vanquished.

Notes
Turn   | Place    | Note
-------+----------+-------------------------------------------
     0 | D:1      | siradein the Gargoyle Fighter began the quest for the Orb.
     0 | D:1      | Reached XP level 1. HP: 14/14 MP: 1/1
   194 | D:1      | Reached XP level 2. HP: 19/19 MP: 2/2
   750 | D:1      | Reached XP level 3. HP: 23/23 MP: 3/3
  1131 | D:1      | Found a faded altar of an unknown god.
  1367 | D:2      | Found a hazy altar of Hepliaklqana.
  1763 | D:2      | Reached XP level 4. HP: 29/29 MP: 4/4
  1885 | D:2      | You fall into a shaft and drop 1 floor!
  2632 | D:3      | You fall into a shaft and drop 2 floors!
  2632 | D:5      | Entered Level 5 of the Dungeon
  2636 | D:5      | Noticed an ogre
  2636 | D:5      | Noticed a black bear
  2640 | D:5      | Noticed a centaur
  2643 | D:5      | Shot with an arrow by a centaur

Illustrated notes

Levels and vault maps discovered:
D:1:      dpeg_arrival_ratfight, layout_basic, hellmonk_ecumenical_altar_run_dry
D:2:      layout_loops_cross, basic_altar, st_stairs_2, kennysheep_potato
D:3:      layout_basic
D:5:      layout_rooms, st_stairs_8

Skill      XL: |  1  2  3  4 |
---------------+-------------+-----
Long Blades    | 2 |  2.5
Shields        | 4 |  4.0
Armour         | 4 |  4.0
Fighting       | |  3.9

Action                   |  1- 3 |  4- 6 || total
-------------------------+-------+-------++-------
Melee: Long sword        |   131 |    58 ||   189
Armor: Scale mail        |    80 |    36 ||   116
Dodge: Dodged            |    57 |    29 ||    86
Block: Buckler           |    23 |    11 ||    34

Table legend: (Time is in decaauts)
 A = Elapsed time spent in this place.
 B = Non-inter-level travel time spent in this place.
 C = Inter-level travel time spent in this place.
 D = Time resting spent in this place.
 E = Time spent auto-exploring this place.
 F = Levels seen in this place.
 G = Mean time per level.
                   A        B        C        D        E       F      G
               +--------+--------+--------+--------+--------+-----+--------+
         Total |   2700 |   2616 |     84 |      0 |   2130 |   4 |  675.0 |
       Dungeon |   2700 |   2616 |     84 |      0 |   2130 |   4 |  675.0 |
               +--------+--------+--------+--------+--------+-----+--------+

Top non-repeatable levels by time:
     D:1: 1283 daAuts
     D:2: 1139 daAuts
     D:3: 267 daAuts
     D:5: 10 daAuts
